 Dungeon Crawl Stone Soup version 0.31-a0-152-g6aa68a64a1 (webtiles) character file.

Game seed: 14738254485888443101

88 qw the Shooter (level 4, -1/40 HPs)
             Began as a Naga Hunter on June 9, 2023.
             Slain by an ogre
             ... wielding a +0 giant spiked club
              (25 damage)
             ... on level 4 of the Dungeon.
             The game lasted 00:00:58 (2368 turns).

qw the Shooter (Naga Hunter)                        Turns: 2368, Time: 00:00:58

Health: -1/40      AC:  8    Str: 19      XL:     4   Next: 54%
Magic:  4/4        EV:  9    Int:  8 (9)  God:
Gold:   147        SH:  0    Dex: 16 (17) Spells: 3/3 levels left

rFire   . . .        Y - +0 shortbow
rCold   . . .        (shield currently unavailable)
rNeg    . . .        l - +1 ring mail of Ignis's Felicitations {Str+6}
rPois   +            (no helmet)
rElec   .            k - +0 cloak
rCorr   .            i - +2 pair of gloves
SInv    +            (no barding)
Will    .....        g - amulet of faith
Stlth   +            (no ring)
HPRegen 0.26/turn    (no ring)
MPRegen 0.09/turn

%: faith
@: short of breath, very slow
A: AC +1, large, see invisible, deformed body, poison resistance, slowness 2,
spit poison 1, naga tail 1
a: Spit Poison


You were on level 4 of the Dungeon.
You visited 1 branch of the dungeon, and saw 4 of its levels.

You collected 147 gold pieces.


Innate Abilities, Weirdness & Mutations

Your serpentine skin is tough. (AC +1)
You have supernaturally acute eyesight. (SInv)
Armour fits poorly on your strangely shaped body.
Your system is resistant to poisons. (rPois)
You cover ground very slowly.
You can spit poison.
You have a snake-like lower body.


   Skills:
 + Level 2.8 Fighting
 - Level 5.0 Ranged Weapons
 - Level 1.5 Dodging
 - Level 1.5 Stealth


You had 3 spell levels left.
You didn't know any spells.
Your spell library was empty.

Inventory:

Hand Weapons
 Y - a +0 shortbow (weapon)
Armour
 i - a +2 pair of gloves (worn)
 k - a +0 cloak (worn)
 l - the +1 ring mail of Ignis's Felicitations (worn) {Str+6}
   (You found it on level 3 of the Dungeon)

   Str:       It affects your strength (+6).
 n - a +2 cloak
Jewellery
 g - an amulet of faith (around neck)
Scrolls
 a - a scroll of identify
 c - a scroll of enchant weapon {unknown}
 d - a scroll of teleportation
 m - a scroll of fog {unknown}
Potions
 b - a potion of magic {unknown}
 e - a potion of resistance {unknown}
 f - a potion of enlightenment {unknown}
 h - a potion of mutation {unknown}
 j - a potion of might {unknown}
 o - a potion of attraction {unknown}

Dungeon Overview and Level Annotations

Branches:
Dungeon (4/15)
 Temple: D:4-7

Altars:
Cheibriados


Message History

You have got your breath back.
o - a silvery potion You see here a +0 chain mail.
You see here 7 stones.
You open the door.
An orc comes into view. It is wielding a +0 whip.
Enter note: You shoot an arrow.
The arrow hits the orc.
The orc shouts!
The orc is severely wounded.
You hear a shout!
You shoot an arrow.
The arrow hits the orc but does no damage.
The orc is severely wounded.
2351 ||| INVOKING Spit Poison.
Aiming: Spit Poison (1% risk of failure)
Press: ? - help, Shift-Dir - straight line, f/p - orc The splash of poison misses the orc.
You shoot an arrow. The arrow hits the orc!
You kill the orc!
There is an open door here.
You have got your breath back.
There is an open door here.
An ogre comes into view. It is wielding a +0 giant spiked club.
Enter note:
2366 ||| INVOKING Spit Poison.
Aiming: Spit Poison (1% risk of failure)
Press: ? - help, Shift-Dir - straight line, f - ogre The splash of poison hits the ogre.
The ogre is poisoned.
The ogre is moderately wounded.
The ogre shouts!
You shoot an arrow. The arrow hits the ogre.
The ogre is heavily wounded.
The ogre hits you with a +0 giant spiked club!
You shoot an arrow.
The arrow hits the ogre but does no damage.
The ogre is heavily wounded.
The ogre hits you with a +0 giant spiked club!!
Ouch! That really hurt!
You die...

## .. #. ##### #.
#...# #. #...# #.
#...# .#.#.#O#####
#...# .......@...#
#..^# ...#.#.###.##
#...#
.#.###..###...#####
...........'.)......
#.#.####..##...#####
#.#.#####......# .
#...#....#.### ####
######.#.##.#.# #..
#....#.##.#..


You could see an ogre (poisoned).

Vanquished Creatures
  2 adders (D:2)
  3 worms
  2 dart slugs
  An orc (D:4)
  6 ball pythons
  5 endoplasms
  2 giant cockroaches
  3 goblins
  5 hobgoblins
  3 jackals (D:1)
  7 kobolds
  3 quokkas
  4 bats (D:1)
  2 frilled lizards
  7 rats
55 creatures vanquished.

Notes
Turn   | Place    | Note
-------+----------+-------------------------------------------
     0 | D:1      | qw the Naga Hunter began the quest for the Orb.
     0 | D:1      | Reached XP level 1. HP: 19/19 MP: 1/1
     0 | D:1      | 0 ||| qw: Version: 0.2-a-122-gbc61b45
     0 | D:1      | 0 ||| qw: Game counter: 3288
     0 | D:1      | 0 ||| qw: Always use a shield: true
     0 | D:1      | 0 ||| qw: God list: Okawaru
     0 | D:1      | 0 ||| qw: Allow faded altars: false
     0 | D:1      | 0 ||| qw: Do Orc after D:15 true
     0 | D:1      | 0 ||| qw: Do second Lair branch before Depths: true
     0 | D:1      | 0 ||| qw: Lair rune preference: random
     0 | D:1      | 0 ||| qw: Plans: Normal
     0 | D:1      | 0 ||| PLANNING D:1-11
    33 | D:1      | 33 ||| INVOKING Spit Poison.
   105 | D:1      | You fall into a shaft and drop 1 floor!
   124 | D:2      | 124 ||| INVOKING Spit Poison.
   128 | D:2      | 128 ||| INVOKING Spit Poison.
   132 | D:2      | 132 ||| INVOKING Spit Poison.
   232 | D:2      | Reached skill level 4 in Ranged Weapons
   232 | D:2      | Reached XP level 2. HP: 26/26 MP: 2/2
   236 | D:2      | 236 ||| INVOKING Spit Poison.
   254 | D:2      | 254 ||| INVOKING Spit Poison.
   270 | D:2      | 270 ||| INVOKING Spit Poison.
   275 | D:2      | 275 ||| INVOKING Spit Poison.
   299 | D:2      | 299 ||| UPGRADING to amulet of faith.
   304 | D:2      | 304 ||| READING scroll labelled WOAGICLINE.
   305 | D:2      | 305 ||| READING scroll labelled EKECEDD QOAM.
   309 | D:2      | 309 ||| READING scroll labelled XUOCAICKES.
   310 | D:2      | 310 ||| DRINKING 2 fizzy cyan potions.
   311 | D:2      | 311 ||| DROPPING scroll of butterflies.
   312 | D:2      | 312 ||| DROPPING potion of degeneration.
   313 | D:2      | 313 ||| Stepping randomly (stuck).
   314 | D:2      | 314 ||| Stepping randomly (stuck).
   315 | D:2      | 315 ||| Stepping randomly (stuck).
   316 | D:2      | 316 ||| Stepping randomly (stuck).
   317 | D:2      | 317 ||| Stepping randomly (stuck).
   318 | D:2      | 318 ||| Stepping randomly (stuck).
   319 | D:2      | 319 ||| Stepping randomly (stuck).
   321 | D:2      | 321 ||| Stepping randomly (stuck).
   322 | D:2      | 322 ||| Stepping randomly (stuck).
   323 | D:2      | 323 ||| Stepping randomly (stuck).
   324 | D:2      | 324 ||| Stepping randomly (stuck).
   325 | D:2      | 325 ||| Stepping randomly (stuck).
   326 | D:2      | 326 ||| Stepping randomly (stuck).
   327 | D:2      | 327 ||| Stepping randomly (stuck).
   328 | D:2      | 328 ||| Stepping randomly (stuck).
   329 | D:2      | 329 ||| Stepping randomly (stuck).
   330 | D:2      | 330 ||| Stepping randomly (stuck).
   331 | D:2      | 331 ||| Stepping randomly (stuck).
   332 | D:2      | 332 ||| Stepping randomly (stuck).
   333 | D:2      | 333 ||| Stepping randomly (stuck).
   334 | D:2      | 334 ||| Stepping randomly (stuck).
   335 | D:2      | 335 ||| Stepping randomly (stuck).
   336 | D:2      | 336 ||| Stepping randomly (stuck).
   337 | D:2      | 337 ||| Stepping randomly (stuck).
   338 | D:2      | 338 ||| Stepping randomly (stuck).
   339 | D:2      | 339 ||| Stepping randomly (stuck).
   340 | D:2      | 340 ||| Stepping randomly (stuck).
   352 | D:2      | 352 ||| FLEEEEING.
   356 | D:2      | 356 ||| STAIRDANCE
   373 | D:1      | Reached XP level 3. HP: 32/32 MP: 3/3
   376 | D:1      | 376 ||| INVOKING Spit Poison.
   386 | D:1      | 386 ||| INVOKING Spit Poison.
   437 | D:1      | 437 ||| INVOKING Spit Poison.
   503 | D:1      | 503 ||| INVOKING Spit Poison.
   524 | D:1      | 524 ||| INVOKING Spit Poison.
   547 | D:1      | Found a faded altar of an unknown god.
   548 | D:1      | 548 ||| INVOKING Spit Poison.
   593 | D:1      | 593 ||| INVOKING Spit Poison.
   614 | D:1      | 614 ||| INVOKING Spit Poison.
   727 | D:1      | 727 ||| INVOKING Spit Poison.
   834 | D:1      | 834 ||| INVOKING Spit Poison.
   868 | D:1      | 868 ||| INVOKING Spit Poison.
   890 | D:1      | 890 ||| INVOKING Spit Poison.
   893 | D:1      | 893 ||| INVOKING Spit Poison.
  1011 | D:1      | 1011 ||| READING scroll labelled JAULYU TUISOKK.
  1037 | D:2      | 1037 ||| INVOKING Spit Poison.
  1063 | D:2      | 1063 ||| INVOKING Spit Poison.
  1067 | D:2      | 1067 ||| INVOKING Spit Poison.
  1213 | D:2      | Reached skill level 5 in Ranged Weapons
  1213 | D:2      | Reached XP level 4. HP: 39/39 MP: 4/4
  1220 | D:2      | 1220 ||| INVOKING Spit Poison.
  1264 | D:2      | 1264 ||| INVOKING Spit Poison.
  1268 | D:2      | 1268 ||| INVOKING Spit Poison.
  1303 | D:2      | 1303 ||| INVOKING Spit Poison.
  1390 | D:2      | 1390 ||| INVOKING Spit Poison.
  1575 | D:3      | Found a snail-covered altar of Cheibriados.
  1576 | D:3      | 1576 ||| UPGRADING to +2 pair of gloves.
  1581 | D:3      | 1581 ||| UPGRADING to +0 cloak.
  1595 | D:3      | 1595 ||| INVOKING Spit Poison.
  1596 | D:3      | 1596 ||| INVOKING Spit Poison.
  1599 | D:3      | 1599 ||| INVOKING Spit Poison.
  1605 | D:3      | 1605 ||| INVOKING Spit Poison.
  1667 | D:3      | Identified the +1 ring mail of Ignis's Felicitations
                  | {Str+6}
  1685 | D:3      | 1685 ||| INVOKING Spit Poison.
  1830 | D:3      | 1830 ||| INVOKING Spit Poison.
  1989 | D:3      | 1989 ||| INVOKING Spit Poison.
  2206 | D:3      | 2206 ||| UPGRADING to +1 ring mail of Ignis's Felicitations
                  | {Str+6}.
  2216 | D:3      | 2216 ||| DROPPING +0 leather armour.
  2217 | D:3      | 2217 ||| READING scroll labelled CIVUIRGH JEACA.
  2327 | D:4      | 2327 ||| INVOKING Spit Poison.
  2351 | D:4      | 2351 ||| INVOKING Spit Poison.
  2365 | D:4      | Noticed an ogre
  2366 | D:4      | 2366 ||| INVOKING Spit Poison.
  2368 | D:4      | Slain by an ogre

Levels and vault maps discovered:
D:1:      ncdulo_smallfort, layout_basic,
          hellmonk_ecumenical_altar_inner_sanctum, minmay_hexomino_f4
D:2:      layout_loops_ring
D:3:      layout_loops_corners, cheibrodos_worm_habitat, kennysheep_potato
D:4:      layout_basic, grunt_ministairs_2, sigmund_army, uniq_ijyb

Skill      XL: |  1  2  3 |
---------------+----------+-----
Ranged Weapons | 4 5 |  5.0
Fighting       | |  2.8
Dodging        | |  1.5
Stealth        | |  1.5

Action                     |  1- 3 |  4- 6 || total
---------------------------+-------+-------++-------
   Fire: Shortbow          |    72 |    32 ||   104
Ability: Spit Poison       |    24 |    14 ||    38
    Use: Scroll            |     4 |     1 ||     5
         Potion            |     1 |       ||     1
 Armour: Leather armour    |     8 |     3 ||    11
  Dodge: Dodged            |    12 |     5 ||    17

Table legend:
 A = Non-vault XP
 B = Vault XP
 C = Vault XP percentage of total XP
 D = Non-vault monster count
 E = Vault monster count
 F = Vault count percentage of total count
                 A         B        C        D         E       F
            +---------+---------+-------+---------+---------+-------
      Total |     115 |      12 |   9.4 |      48 |       7 |  12.7
            +---------+---------+-------+---------+---------+-------
        D:1 |      39 |       4 |   9.3 |      23 |       3 |  11.5
        D:2 |      58 |       0 |   0.0 |      17 |       0 |   0.0
        D:3 |      10 |       8 |  44.4 |       6 |       4 |  40.0
        D:4 |       8 |       0 |   0.0 |       2 |       0 |   0.0
            +---------+---------+-------+---------+---------+-------
